 Dungeon Crawl Stone Soup version 0.32-a0-516-g94ed278cf8 (webtiles) character file.

Game seed: 17351670791463278584

504 sunet the Trooper (level 6, 0/57 HPs)
             Began as a Minotaur Fighter on Feb 27, 2024.
             Slain by a cerulean imp
             ... wielding a +1 spear
             ... summoned by Natasha
              (2 damage)
             ... on level 4 of the Dungeon.
             The game lasted 00:07:53 (3299 turns).

sunet the Trooper (Minotaur Fighter)                Turns: 3299, Time: 00:07:54

Health: 0/57       AC:  7    Str: 23    XL:     6   Next: 96%
Magic:  5/5        EV:  9    Int:  5    God:
Gold:   188        SH:  5    Dex:  9    Spells: 5/5 levels left

rFire   . . .        a - +0 war axe
rCold   . . .        c - +0 buckler
rNeg    . . .        b - +0 scale mail
rPois   .            (helmet restricted)
rElec   .            (no cloak)
rCorr   .            (no gloves)
SInv    .            (no boots)
Will    .....        (no amulet) Stlth
                     (no ring)
HPRegen 0.29/turn    (no ring)
MPRegen 0.09/turn

%: no passive effects
@: slowed, very slow
A: horns 2, retaliatory headbutt
a: no special abilities


You were on level 4 of the Dungeon.
You visited 1 branch of the dungeon, and saw 4 of its levels.

You collected 188 gold pieces.

Inventory:

Hand Weapons
 a - a +0 war axe (weapon)
 s - a +3 hand axe
Missiles
 j - 8 poisoned darts (quivered)
Armour
 b - a +0 scale mail (worn)
 c - a +0 buckler (worn)
Jewellery
 t - an amulet of faith
Scrolls
 e - 3 scrolls of identify {unknown}
 m - a scroll of immolation {unknown}
 p - 2 scrolls of vulnerability {unknown}
 q - 2 scrolls of teleportation {unknown}
 u - a scroll of enchant armour {unknown}
Potions
 d - 2 potions of might
 f - 3 potions of attraction {unknown}
 g - a potion of berserk rage {unknown}
 h - 2 potions of mutation {unknown}
 i - 2 potions of haste {unknown}
 k - a potion of heal wounds {unknown}
 l - 2 potions of brilliance {unknown}
 n - a potion of curing {unknown}
 o - a potion of lignification {unknown}
 r - a potion of resistance {unknown}


   Skills:
 + Level 5.7 Fighting
 + Level 4.9 Axes
 + Level 5.6 Armour
 + Level 5.6 Shields


You had 5 spell levels left.
You didn't know any spells.
Your spell library contained the following spells:

 Spells                   Type           Power      Damage    Failure   Level
 Call Imp                 Summ           0%         N/A       92%         2
 Sublimation of Blood     Necr           0%         N/A       92%         2
 Summon Hydra             Summ           0%         N/A       100%        7


Dungeon Overview and Level Annotations

Branches:
Dungeon (4/15)
 Temple: D:4-7

Altars:

Shops:
D:3 [

Annotations:
D:4 Natasha


Innate Abilities, Weirdness & Mutations

You have a pair of horns on your head.
You reflexively headbutt those who attack you in melee.


Message History

The phantom is almost destroyed.
You hit something. The cerulean imp misses you.
You hear some strange, mumbled words.
A puff of flame appears from out of thin air!
The puff of flame hits you!
* * * LOW HITPOINT WARNING * * *
The phantom hits you.
* * * LOW HITPOINT WARNING * * *
The phantom blinks!
You block the cerulean imp's attack.
You hit the phantom. Your headbutt misses the phantom.
The phantom is almost destroyed.
You closely miss something.
Natasha wildly gestures.
Natasha's front paws start to glow.
Something hits you but does no damage. You block the phantom's attack.
The cerulean imp hits you but does no damage.
The phantom closely misses you. Something hits you but does no damage.
You closely miss the phantom. You headbutt the phantom.
You destroy the phantom!
You barely miss something.
The cerulean imp hits you but does no damage.
Something hits you but does no damage. Natasha claws you.
* * * LOW HITPOINT WARNING * * *
You miss Natasha. You slash something!
Reactivating autopickup.
You feel a bit more experienced.
The cerulean imp hits you but does no damage.
Natasha stares at you and mumbles some strange words.
You feel yourself slow down.
The cerulean imp hits you but does no damage.
You closely miss Natasha. Your headbutt misses Natasha.
You slash the endoplasm!
You kill the endoplasm!
Natasha barely misses you. The cerulean imp closely misses you.
You block the phantom's attack. Natasha casts a spell at you.
The magic dart hits you.
* * * LOW HITPOINT WARNING * * *
The cerulean imp hits you from afar with a +1 spear.
You die...

....#. #....#
...#..#....#. # ..#
....?.....
#.#####.###.#..#.....
........##.....#...$.
........)....J........
.......<.5).#.....#...
####+###W#..#........
#@hJ............
####..#..#...###
#.........≈≈
#.>.......≈≈
#..#.<#.#.≈≈
....#......≈≈
######...<#... #.###
..# #.# ..


You could see a phantom, Natasha, a cerulean imp (summoned) and an endoplasm.

Vanquished Creatures
  Sigmund (D:2)
  A phantom (D:4)
  An orc priest (D:4)
  2 orc wizards
  Robin (D:3)
  4 gnolls (D:3)
  3 adders
  2 ribbon worms
  3 dart slugs
  7 orcs
  13 ball pythons
  7 endoplasms
  A giant cockroach (D:1)
  11 hobgoblins
  7 jackals
  6 kobolds
  3 quokkas
  5 bats
  3 frilled lizards (D:2)
  21 goblins
  6 rats
108 creatures vanquished.

Notes
Turn   | Place    | Note
-------+----------+-------------------------------------------
     0 | D:1      | sunet the Minotaur Fighter began the quest for the Orb.
     0 | D:1      | Reached XP level 1. HP: 19/19 MP: 0/0
   100 | D:1      | Reached XP level 2. HP: 27/27 MP: 1/1
   439 | D:1      | Reached XP level 3. HP: 27/33 MP: 2/2
  1164 | D:2      | Noticed Sigmund
  1177 | D:2      | Killed Sigmund
  1178 | D:2      | Reached XP level 4. HP: 34/41 MP: 3/3
  1178 | D:2      | Reached XP level 5. HP: 39/47 MP: 4/4
  1460 | D:2      | Reached skill level 5 in Armour
  1679 | D:2      | Reached skill level 5 in Shields
  1814 | D:2      | Reached skill level 5 in Fighting
  2341 | D:3      | Reached XP level 6. HP: 44/56 MP: 5/5
  2421 | D:3      | Found Kiopsar's Armour Boutique.
  2669 | D:3      | Noticed Robin
  2680 | D:3      | Killed Robin
  3278 | D:4      | Noticed Natasha
  3299 | D:4      | HP: 2/57 [Natasha/magic dart (5)]
  3299 | D:4      | Slain by a cerulean imp

Illustrated notes

Levels and vault maps discovered:
D:1:      dpeg_arrival_erosion, layout_basic, serial_forest,
          infiniplex_forest_straight_4, infiniplex_forest_straight_5,
          infiniplex_forest_lined_2, infiniplex_forest_end_3,
          infiniplex_forest_zigzag_1, kennysheep_pointless_box
D:2:      minmay_razor_zed, layout_basic, kennysheep_flooded_box,
          kennysheep_generic_room_2, uniq_sigmund
D:3:      layout_loops_cross, serial_shops, shop, uniq_robin
D:4:      layout_basic, minmay_temple_entry_butterflies, nicolae_tricolors,
          uniq_natasha

Skill      XL: |  1  2  3  4  5 |
---------------+----------------+-----
Shields        | 4 5 |  5.6
Armour         | 4 5 |  5.6
Fighting       | 4 5 |  5.7
Axes           | 3 4 |  4.9

Action                     |  1- 3 |  4- 6 || total
---------------------------+-------+-------++-------
  Melee: War axe           |    85 |   146 ||   231
         Headbutt          |     7 |    22 ||    29
 Armour: Scale mail        |    92 |   202 ||   294
  Dodge: Dodged            |    37 |    71 ||   108
         Repelled          |       |     3 ||     3
  Block: Buckler           |    20 |    55 ||    75

Table legend: (Time is in decaauts)
 A = Elapsed time spent in this place.
 B = Non-inter-level travel time spent in this place.
 C = Inter-level travel time spent in this place.
 D = Time resting spent in this place.
 E = Time spent auto-exploring this place.
 F = Levels seen in this place.
 G = Mean time per level.
                   A        B        C        D        E       F      G
               +--------+--------+--------+--------+--------+-----+--------+
         Total |   3375 |   3375 |      0 |    384 |   2055 |   4 |  843.8 |
       Dungeon |   3375 |   3375 |      0 |    384 |   2055 |   4 |  843.8 |
               +--------+--------+--------+--------+--------+-----+--------+

Top non-repeatable levels by time:
     D:1: 1155 daAuts
     D:2: 1135 daAuts
     D:3: 1053 daAuts
     D:4: 30 daAuts
